[Event "Titled Tuesday Blitz August 08 Early 2023"]
[White "Shubenkova, Veronika"]
[Black "Hulka, Valentyn"]
[WhiteFideId "44124040"]
[BlackFideId "34107061"]
[WhiteElo "2520"]
[BlackElo "2706"]
[Result "0-1"]
[Round "11"]
[TimeControl "180+1"]
[Date "2023.08.08"]
[WhiteClock "0:00:10"]
[BlackClock "0:00:08"]
[Board "66"]

1. c4 e5 2. Nc3 Nf6 3. e4 Bc5 4. d3 Nc6 5. g3 d6 6. h3 O-O 7. Bg2 a6 8. Nge2 Rb8 9. a4 a5 10. O-O Nd4 11. Nxd4 Bxd4 12. Ne2 Bb6 13. Kh2 Nd7 14. f4 Nc5 15. d4 exd4 16. Nxd4 Re8 17. Re1 Bd7 18. Nb5 Bc6 19. Qc2 Re7 20. Nc3 Qe8 21. Nd5 Bxd5 22. cxd5 f5 23. e5 dxe5 24. Be3 exf4 25. Bf2 fxg3+ 26. Bxg3 f4 27. Bh4 g5 28. Rxe7 Qxe7 29. Re1 Qd6 30. Bf2 f3+ 31. Bg3 Qf6 32. Bh1 Rf8 33. Rf1 g4 34. d6 cxd6 35. Qc4+ Qe6 36. Qb5 Qe2+ 37. Qxe2 fxe2 38. Bd5+ Kg7 39. Rxf8 Kxf8 40. Bxd6+ Ke8 41. Bg3 Nd3 42. hxg4 e1=Q 43. Bxe1 Nxe1 44. Be4 h6 45. Kg3 Bd4 46. b3 b6 47. Kf4 Ke7 48. Kf5 Kd6 49. g5 hxg5 50. Kxg5 Ke5 51. Bh7 Nf3+ 52. Kg4 Nd2 53. Bg8 Bc3 54. Kg3 Bb4 55. Kf2 Kd4 56. Ke2 Kc3 57. Kd1 Nxb3 58. Bf7 Kb2 59. Be8 Nc5 60. Ke2 Kb3 61. Ke3 Nxa4 62. Bf7+ Kb2 63. Kd4 Nc5 64. Kc4 Be1 65. Kb5 Nb3 66. Bg8 Ka3 67. Kxb6 a4 68. Kb5 Nd4+ 69. Kc5 Ne2 70. Kb5 Nc3+ 71. Kc4 Kb2 72. Kd3 a3 73. Kd4 Bh4 74. Kd3 Bd8 75. Kd4 Na4 76. Kd3 Bb6 77. Bf7 Nc5+ 78. Ke2 Nb3 79. Kd1 a2 80. Ke2 a1=Q 81. Bg8 Qa6+ 82. Kf3 Qd3+ 83. Kg4 Qe4+ 84. Kh5 Qf5+ 85. Kh6 Be3+ 86. Kg7 Bd4+ 87. Kh6 Qg4 88. Bxb3 Qg7+ 89. Kh5 Be3 90. Kh4 Kxb3 91. Kh3 Qa1 92. Kh2 Bd4 93. Kh3 Qg1 94. Kh4 Be3 95. Kh5 Qg5# 0-1


[Site "https://www.chess.com"]

[Event "Titled Tuesday Blitz August 08 Early 2023"]
[White "jumpingknight20"]
[Black "Reprintsev, Alexander"]
[BlackFideId "14100541"]
[WhiteElo "2685"]
[BlackElo "2493"]
[Result "1-0"]
[Round "11"]
[TimeControl "180+1"]
[Date "2023.08.08"]
[WhiteClock "0:00:06"]
[BlackClock "0:00:00"]
[Board "67"]

1. e4 d5 2. exd5 Qxd5 3. Nc3 Qd6 4. d4 c6 5. Nf3 Bf5 6. g3 Nf6 7. Bg2 e6 8. O-O h6 9. Re1 Be7 10. Ne5 O-O 11. Bf4 Qb4 12. Rb1 Rd8 13. Qe2 Nbd7 14. g4 Bh7 15. Nxf7 Kxf7 16. Qxe6+ Kf8 17. a3 Qxd4 18. Qxe7+ Kg8 19. Qd6 Qxd6 20. Bxd6 Nxg4 21. Re2 Nb6 22. Bc7 Re8 23. Rbe1 Rxe2 24. Rxe2 Rc8 25. Re7 Bxc2 26. Bh3 Bf5 27. Bxg4 Bxg4 28. Be5 g5 29. Rg7+ Kf8 30. Rh7 Nc4 31. Bf6 Nxb2 32. Ne4 Bf5 33. Rh8+ Kf7 34. Nd6+ Kxf6 35. Nxc8 Bxc8 36. Rxc8 Nc4 37. a4 a5 38. Rc7 Nd6 39. f3 Ke6 40. Kf2 Kd5 41. Ke3 b5 42. axb5 cxb5 43. Kd3 a4 44. Kc3 Ke5 45. Rh7 Nf5 46. Kb4 Kf4 47. Rf7 h5 48. h3 h4 49. Kxb5 a3 50. Kc4 a2 51. Ra7 Kxf3 52. Rxa2 Kg3 53. Ra3+ Kh2 54. Kd5 Ng3 55. Ke5 Kxh3 56. Kf6 g4 57. Kg5 Kg2 58. Kxg4 Kf2 59. Kxh4 Ne2 60. Kg4 Nd4 61. Kf4 Ne2+ 62. Ke4 Ng3+ 63. Ke5 Ne2 64. Rh3 Kg2 65. Re3 Kf2 66. Ke4 Ng3+ 67. Kd3 Nf1 68. Re8 Ng3 69. Rf8+ Kg2 70. Ke3 Nf1+ 71. Ke4 Ng3+ 72. Kf4 Ne2+ 73. Ke3 Ng3 74. Rg8 Kh3 75. Kf3 Nh5 76. Rg4 Nf6 77. Rf4 Nh5 78. Rd4 Nf6 79. Kf4 Kg2 80. Kg5 1-0


[Site "https://www.chess.com"]

[Event "Titled Tuesday Blitz August 08 Early 2023"]
[White "Shuvalov, Evgenij"]
[Black "Godzwon, Iwo"]
[WhiteFideId "4187237"]
[BlackFideId "21802483"]
[WhiteElo "2488"]
[BlackElo "2661"]
[Result "1/2-1/2"]
[Round "11"]
[TimeControl "180+1"]
[Date "2023.08.08"]
[WhiteClock "0:00:06"]
[BlackClock "0:00:14"]
[Board "68"]

1. d4 Nf6 2. c4 e6 3. Nc3 d5 4. Nf3 c6 5. e3 Nbd7 6. Be2 Bd6 7. O-O O-O 8. b3 b6 9. Bb2 Bb7 10. Bd3 Qe7 11. e4 dxe4 12. Nxe4 Nxe4 13. Bxe4 Nf6 14. Qe2 Nxe4 15. Qxe4 c5 16. Qg4 f5 17. Qh3 Rad8 18. Rad1 cxd4 19. Nxd4 Rf6 20. Rfe1 Rh6 21. Qe3 Rxh2 22. Nf3 Rh6 23. Be5 Bc5 24. Qg5 Rxd1 25. Rxd1 Rg6 26. Qxe7 Bxe7 27. Kf1 Bxf3 28. gxf3 Bf6 29. f4 h5 30. Ke2 h4 31. Kf3 Bxe5 32. fxe5 Rg4 33. Rd8+ Kh7 34. Rd1 g5 35. Rd7+ Kg8 36. Rd8+ Kf7 37. Rd7+ Kf8 38. Rd8+ Ke7 39. Rh8 Rf4+ 40. Kg2 Re4 41. Rh7+ Ke8 42. Rh5 g4 43. Rxh4 Rxe5 44. Rh7 Re2 45. Rxa7 f4 46. Kf1 Rb2 47. Ra6 f3 48. Kg1 Ke7 49. Rxb6 Kf6 50. a4 Kf5 51. a5 e5 52. a6 Ra2 53. b4 e4 54. Rb5+ Kf4 55. Ra5 Rxa5 56. bxa5 e3 57. fxe3+ Kxe3 58. a7 Ke2 59. a8=Q f2+ 60. Kh2 f1=Q 61. Qe4+ Kd2 62. Qd4+ Kc2 63. Qxg4 Kb3 64. Qg2 Qf6 65. Qg3+ Ka4 66. Qg4 Kxa5 67. Kg3 Kb4 68. Qf4 Qxf4+ 69. Kxf4 Kxc4 1/2-1/2


[Site "https://www.chess.com"]

[Event "Titled Tuesday Blitz August 08 Early 2023"]
[White "marik_spb"]
[Black "Sagita, Catur Adi"]
[BlackFideId "7104618"]
[WhiteElo "2486"]
[BlackElo "2655"]
[Result "0-1"]
[Round "11"]
[TimeControl "180+1"]
[Date "2023.08.08"]
[WhiteClock "0:00:00"]
[BlackClock "0:00:02"]
[Board "69"]

1. e4 c5 2. c3 d5 3. exd5 Qxd5 4. d4 Nf6 5. dxc5 Qxc5 6. Be3 Qc7 7. Na3 a6 8. Nf3 e6 9. Nc4 Nbd7 10. a4 b6 11. Be2 Bb7 12. Qd4 Bc5 13. Qf4 Qxf4 14. Bxf4 Ne4 15. Bg3 Ke7 16. O-O Nxg3 17. hxg3 a5 18. Rad1 Rhd8 19. Nfe5 Nxe5 20. Nxe5 f6 21. Bf3 Bxf3 22. Nxf3 e5 23. Rfe1 Ke6 24. Kf1 Rab8 25. Ke2 Rxd1 26. Rxd1 b5 27. axb5 Rxb5 28. Rd2 a4 29. Ne1 Rb3 30. Nd3 Be7 31. Nc1 Rb7 32. Kd3 f5 33. Kc2 e4 34. Ne2 g5 35. Nd4+ Kf6 36. Re2 Bc5 37. f3 Bxd4 38. cxd4 Re7 39. Kc3 exf3 40. Rf2 Re3+ 41. Kc4 Re2 42. Rxf3 Rxb2 43. g4 f4 44. g3 Rb3 45. Rf1 Rxg3 46. d5 Ke7 47. Rh1 a3 48. Rxh7+ Kd6 49. Rh6+ Kc7 50. Ra6 Re3 51. d6+ Kd7 52. Kd5 Rd3+ 53. Ke5 f3 54. Ra7+ Kc6 55. Rc7+ Kb6 56. Rc2 Kb5 57. Ke6 Kb4 58. d7 Kb3 59. Rf2 a2 60. Rxf3 Rxf3 61. d8=Q Re3+ 62. Kf5 Rc3 63. Qb6+ Kc2 64. Qf2+ Kb1 0-1


[Site "https://www.chess.com"]

[Event "Titled Tuesday Blitz August 08 Early 2023"]
[White "favesaul"]
[Black "Saya, Ethan"]
[BlackFideId "26095181"]
[WhiteElo "2484"]
[BlackElo "2627"]
[Result "0-1"]
[Round "11"]
[TimeControl "180+1"]
[Date "2023.08.08"]
[WhiteClock "0:00:00"]
[BlackClock "0:00:06"]
[Board "70"]

1. e4 e6 2. d4 d5 3. Nc3 Nf6 4. Bg5 dxe4 5. Nxe4 Be7 6. Bxf6 gxf6 7. Nf3 f5 8. Ng3 Bf6 9. Bc4 c5 10. c3 cxd4 11. Nxd4 Bxd4 12. cxd4 Qa5+ 13. Kf1 b6 14. Qf3 Qa4 15. Qxa8 Qxc4+ 16. Kg1 Qc7 17. Qf3 Bb7 18. Qa3 h5 19. h4 f4 20. Nf1 Nc6 21. Rd1 Ne7 22. f3 Rg8 23. Qd3 Nf5 24. Kf2 Qe7 25. Qd2 Nxh4 26. Qxf4 Rxg2+ 27. Ke3 Nf5+ 28. Kd3 Ba6+ 29. Ke4 Qd7 30. Ne3 Re2 31. d5 Rxe3+ 32. Qxe3 Nxe3 33. Kxe3 exd5 34. Rxh5 Qe6+ 35. Kf2 Qe2+ 36. Kg3 Qxd1 0-1


[Site "https://www.chess.com"]

[Event "Titled Tuesday Blitz August 08 Early 2023"]
[White "Rosenberg, Evan S"]
[Black "Komov, Roman"]
[WhiteFideId "2019299"]
[BlackFideId "24175714"]
[WhiteElo "2452"]
[BlackElo "2620"]
[Result "0-1"]
[Round "11"]
[TimeControl "180+1"]
[Date "2023.08.08"]
[WhiteClock "0:00:09"]
[BlackClock "0:00:36"]
[Board "71"]

1. e4 c6 2. Nf3 d5 3. d3 Qc7 4. Nc3 dxe4 5. dxe4 e5 6. Bc4 b5 7. Bb3 Be7 8. O-O Nf6 9. h3 O-O 10. a4 b4 11. Na2 Na6 12. Re1 Nc5 13. Nd2 Nxb3 14. Nxb3 c5 15. Bg5 c4 16. Nd2 a5 17. Qf3 Be6 18. Nc1 Rfd8 19. Nf1 h6 20. Be3 Rd7 21. Ng3 Qc6 22. Nce2 Rad8 23. Kh2 Kh7 24. b3 cxb3 25. cxb3 Bxb3 26. Qf5+ Kg8 27. Qxe5 Ra8 28. Nd4 Qc4 29. Rac1 Qd3 30. Nxb3 Qxb3 31. f4 Qxa4 32. Nf5 Re8 33. Ra1 Qb3 34. Rxa5 Bd8 35. Qb5 Bxa5 36. Qxa5 Rxe4 37. Qa8+ Re8 38. Qf3 Qd5 39. Qg3 Qxf5 0-1


[Site "https://www.chess.com"]

[Event "Titled Tuesday Blitz August 08 Early 2023"]
[White "KorolDimitriy75"]
[Black "Colbow, Collin"]
[BlackFideId "16201132"]
[WhiteElo "2409"]
[BlackElo "2593"]
[Result "0-1"]
[Round "11"]
[TimeControl "180+1"]
[Date "2023.08.08"]
[WhiteClock "0:00:00"]
[BlackClock "0:01:08"]
[Board "72"]

1. d4 Nf6 2. c4 c5 3. d5 e6 4. Nc3 exd5 5. cxd5 g6 6. Nf3 Bg7 7. Nd2 O-O 8. Nc4 d6 9. Bf4 Ne8 10. Qd2 Na6 11. e4 Nac7 12. a4 f5 13. Bd3 fxe4 14. Bxe4 Nf6 15. O-O Nxe4 16. Nxe4 Qh4 17. g3 Qh5 18. Bxd6 Bh3 19. f4 Bxf1 20. Rxf1 Qxd5 21. Qxd5+ Nxd5 22. Bxf8 Rxf8 23. Rd1 Bd4+ 24. Kg2 Nb6 25. Nxb6 axb6 26. b3 Kf7 27. Kf3 Ke6 28. h4 h6 29. Re1 Kd5 30. Nd2 b5 31. axb5 Ra8 32. Re7 Ra2 33. Nc4 Rf2+ 34. Kg4 h5+ 35. Kg5 Rf3 36. Kxg6 Rxg3+ 37. Kxh5 Rxb3 38. Rxb7 Kxc4 39. Kg6 Rxb5 40. Rc7 Rb6+ 41. Kg5 Kd3 42. h5 c4 43. h6 c3 44. h7 c2 0-1


[Site "https://www.chess.com"]

[Event "Titled Tuesday Blitz August 08 Early 2023"]
[White "Mazurkiewicz, Michal"]
[Black "Deng, Henry"]
[WhiteFideId "1124943"]
[BlackFideId "30965454"]
[WhiteElo "2407"]
[BlackElo "2566"]
[Result "0-1"]
[Round "11"]
[TimeControl "180+1"]
[Date "2023.08.08"]
[WhiteClock "0:00:00"]
[BlackClock "0:00:11"]
[Board "73"]

1. e4 c5 2. Nf3 e6 3. d3 d5 4. Nbd2 Nc6 5. g3 g6 6. Bg2 Bg7 7. O-O Nge7 8. Re1 O-O 9. e5 b5 10. Nf1 a5 11. h4 h5 12. Bf4 b4 13. Qd2 Nf5 14. Bh3 Ncd4 15. Nxd4 Nxd4 16. Bg2 Re8 17. Ne3 Ba6 18. c3 bxc3 19. bxc3 Nc6 20. d4 cxd4 21. cxd4 Qb6 22. Rad1 Rab8 23. g4 hxg4 24. Nxg4 Qb2 25. Qe3 Ne7 26. Bh3 Nf5 27. Nf6+ Bxf6 28. Bxf5 exf5 29. Qg3 Bg7 30. e6 Rbd8 31. h5 Qb7 32. hxg6 fxg6 33. Qxg6 Rc8 34. Bh6 Re7 35. Bg5 Rce8 36. Re3 Qc7 37. Rde1 f4 38. Rh3 Qd6 39. Qh7+ Kf8 40. Rf3 Rxe6 41. Rxe6 Rxe6 42. Rxf4+ Bf6 43. Qh8+ Kf7 44. Qh7+ Kf8 45. Bh6+ Ke8 46. Qg8+ Kd7 47. Qf7+ Kc6 48. Rf3 Bxd4 49. Qa7 Bxa7 0-1


[Site "https://www.chess.com"]

[Event "Titled Tuesday Blitz August 08 Early 2023"]
[White "Lopez Del Alamo, Antonio"]
[Black "Veiga, Jose Francisco R P Neves"]
[WhiteFideId "2227339"]
[BlackFideId "1930087"]
[WhiteElo "2390"]
[BlackElo "2556"]
[Result "0-1"]
[Round "11"]
[TimeControl "180+1"]
[Date "2023.08.08"]
[WhiteClock "0:00:03"]
[BlackClock "0:00:40"]
[Board "74"]

1. e4 c5 2. Nf3 Nc6 3. b4 cxb4 4. d4 d5 5. exd5 Qxd5 6. c4 bxc3 7. Nxc3 Qa5 8. d5 Nb4 9. Bb5+ Bd7 10. Bxd7+ Kxd7 11. O-O Nf6 12. Rb1 b6 13. a3 Nbxd5 14. Rb5 Qxc3 15. Rxd5+ Kc7 16. Rd2 Kb7 17. Rc2 Qa5 18. Bf4 Nd5 19. Qd4 e6 20. Rfc1 Bc5 21. Qxg7 Ka6 22. Bd2 Qa4 23. Rc4 Qd7 24. Qb2 f6 25. Nd4 Bxd4 26. Rxd4 Rac8 27. Rb1 Rc5 28. a4 Rhc8 29. a5 Rc2 30. Qb3 b5 31. Rh4 Rxd2 32. Rxh7 Qc6 33. h4 Nf4 34. Qe3 Qxg2# 0-1


[Site "https://www.chess.com"]

[Event "Titled Tuesday Blitz August 08 Early 2023"]
[White "Melikhov, Evgeny V."]
[Black "Moral Garcia, Serafin"]
[WhiteFideId "4122046"]
[BlackFideId "2201925"]
[WhiteElo "2380"]
[BlackElo "2548"]
[Result "0-1"]
[Round "11"]
[TimeControl "180+1"]
[Date "2023.08.08"]
[WhiteClock "0:00:31"]
[BlackClock "0:01:42"]
[Board "75"]

1. d4 Nf6 2. c4 g6 3. Nc3 d5 4. Nf3 Bg7 5. e3 O-O 6. Be2 c5 7. O-O cxd4 8. exd4 dxc4 9. Bxc4 Nc6 10. h3 Na5 11. Be2 Be6 12. Re1 Rc8 13. Bg5 h6 14. Be3 Bc4 15. Rc1 Bxe2 16. Rxe2 Nc4 17. b3 Nb6 18. Qd2 Kh7 19. Rce1 Nbd5 20. Nxd5 Nxd5 21. Bf4 Nxf4 22. Qxf4 e6 23. Ne5 Qd5 24. Nxf7 e5 25. dxe5 Rxf7 26. Qa4 a6 27. e6 Re7 28. Qb4 Rce8 29. Qb6 Bd4 30. Rd1 Bxf2+ 0-1


[Site "https://www.chess.com"]

[Event "Titled Tuesday Blitz August 08 Early 2023"]
[White "Agibileg, Uurtsaikh"]
[Black "Souleidis, Georgios"]
[WhiteFideId "4901606"]
[BlackFideId "4206827"]
[WhiteElo "2654"]
[BlackElo "2545"]
[Result "1-0"]
[Round "11"]
[TimeControl "180+1"]
[Date "2023.08.08"]
[WhiteClock "0:01:47"]
[BlackClock "0:00:10"]
[Board "76"]

1. d4 Nf6 2. c4 g6 3. Nc3 Bg7 4. e4 d6 5. Be2 O-O 6. Nf3 e5 7. O-O Bg4 8. d5 a5 9. Be3 Na6 10. Ne1 Bd7 11. Nd3 b6 12. a3 Nc5 13. f3 a4 14. Nxc5 bxc5 15. b4 axb3 16. Qxb3 Nh5 17. Rfb1 f5 18. a4 Nf4 19. Bf1 Qg5 20. Kh1 Qe7 21. a5 fxe4 22. fxe4 Bf6 23. a6 Ra7 24. Nb5 Bxb5 25. cxb5 Rb8 26. Bxc5 Raa8 27. Bg1 Nh5 28. Rc1 Bg5 29. Rc2 Nf6 30. Qc4 Ne8 31. g3 h5 32. Bh3 Kh7 33. Rf1 h4 34. Be6 Kh6 35. Rf7 Qd8 36. gxh4 Bxh4 37. Rc3 g5 38. Qe2 Ng7 39. Rcxc7 1-0


[Site "https://www.chess.com"]

[Event "Titled Tuesday Blitz August 08 Early 2023"]
[White "Dehtiarov, Roman"]
[Black "Ncatt"]
[WhiteFideId "14186640"]
[WhiteElo "2639"]
[BlackElo "2367"]
[Result "1-0"]
[Round "11"]
[TimeControl "180+1"]
[Date "2023.08.08"]
[WhiteClock "0:00:04"]
[BlackClock "0:00:11"]
[Board "77"]

1. c4 c6 2. Nf3 d5 3. e3 Nf6 4. Nc3 e6 5. b3 Nbd7 6. Bb2 Bd6 7. Rc1 a6 8. d4 O-O 9. Bd3 e5 10. dxe5 Nxe5 11. cxd5 cxd5 12. Be2 Be6 13. O-O Qd7 14. Na4 Nxf3+ 15. Bxf3 Rad8 16. Bxf6 gxf6 17. Nb6 Qe7 18. Nxd5 Bxd5 19. Bxd5 Qe5 20. g3 Ba3 21. Qg4+ Kh8 22. Be4 Bxc1 23. Rxc1 Rd2 24. Bb1 Rfd8 25. Rf1 Qg5 26. Qf3 Kg7 27. h4 Qd5 28. Be4 Qd6 29. Qg4+ Kf8 30. Bf3 Rxa2 31. Qf5 Qe5 32. Qxh7 Ra1 33. Qc2 b5 34. h5 b4 35. h6 Rxf1+ 36. Kxf1 Kg8 37. Qc4 Kh7 38. Qxb4 Kxh6 39. Qh4+ Kg7 40. Qg4+ Kf8 41. Qb4+ Qd6 42. Qa4 Rb8 43. Kg2 Qb6 44. Qa3+ Kg7 45. Bd5 Qb5 46. e4 a5 47. Qa1 Qe2 48. Qd4 Rb4 49. Qa7 Rb5 50. Qxf7+ Kh6 51. Qxf6+ Kh7 52. Qf5+ Kg7 53. Qf7+ Kh6 54. Qe6+ Kh5 55. Bc4 Rb6 56. Qh3+ Kg5 57. Bxe2 Rh6 58. Qf5# 1-0


[Site "https://www.chess.com"]

[Event "Titled Tuesday Blitz August 08 Early 2023"]
[White "Goh, Wei Ming Kevin"]
[Black "Omariev, Maksim"]
[WhiteFideId "5800706"]
[BlackFideId "4193423"]
[WhiteElo "2628"]
[BlackElo "2460"]
[Result "1-0"]
[Round "11"]
[TimeControl "180+1"]
[Date "2023.08.08"]
[WhiteClock "0:00:05"]
[BlackClock "0:00:10"]
[Board "78"]

1. e4 c5 2. Nf3 d6 3. Bb5+ Nd7 4. Ba4 Nf6 5. O-O Nxe4 6. Re1 Nf6 7. d4 g6 8. Bf4 Qa5 9. Nc3 Bg7 10. Bxd6 O-O 11. Bxe7 Re8 12. dxc5 Rxe7 13. Rxe7 Nxc5 14. Bb3 Nxb3 15. axb3 Qc5 16. Qd8+ Bf8 17. Re5 Qc6 18. Nd4 Qd6 19. Qxd6 Bxd6 20. Re2 Bg4 21. f3 Bd7 22. Rd1 Bc5 23. Kf1 Rc8 24. Ne4 Nxe4 25. Rxe4 Kg7 26. c4 a5 27. g4 a4 28. bxa4 Bxa4 29. b3 Bd7 30. Nc2 Bc6 31. Rf4 Bb6 32. Kg2 Re8 33. Rd2 Bd8 34. Rfd4 Bg5 35. Rf2 Bf6 36. Rdd2 Bg5 37. Rde2 Ra8 38. Nb4 Bd7 39. Ra2 Rb8 40. h3 Be7 41. Nd5 Bc5 42. Rfd2 Bc6 43. b4 Bf8 44. b5 Be8 45. Nc7 Bb4 46. Nxe8+ Rxe8 47. Re2 Rc8 48. Rac2 b6 49. Re3 g5 50. Rd3 h6 51. Rd5 Kg6 52. f4 gxf4 53. Kf3 Bc5 54. Kxf4 Ra8 55. h4 Ra1 56. h5+ Kg7 57. Rd7 Rf1+ 58. Ke4 Re1+ 59. Kf3 Rf1+ 60. Kg3 Rg1+ 61. Rg2 Rc1 62. g5 Rc3+ 63. Kh2 Rxc4 64. gxh6+ Kxh6 65. Rxf7 Rh4+ 66. Kg3 Rxh5 67. Kf3 Rg5 68. Rxg5 Kxg5 69. Ke4 Kg6 70. Rf5 Kg7 71. Rxc5 bxc5 72. b6 Kf6 73. b7 c4 74. b8=Q c3 75. Kd3 c2 76. Qf4+ Ke6 77. Kxc2 Kd5 78. Kd3 Kc5 79. Qe5+ Kb4 80. Qd5 Ka4 81. Qb7 Ka5 82. Kc4 1-0


[Site "https://www.chess.com"]

[Event "Titled Tuesday Blitz August 08 Early 2023"]
[White "TrompeterImEther"]
[Black "NovoselovRoman"]
[WhiteElo "2460"]
[BlackElo "2601"]
[Result "1-0"]
[Round "11"]
[TimeControl "180+1"]
[Date "2023.08.08"]
[WhiteClock "0:00:06"]
[BlackClock "0:00:14"]
[Board "79"]

1. e4 d5 2. exd5 Qxd5 3. Nc3 Qd6 4. d4 Nf6 5. g3 c6 6. Bg2 Bf5 7. Nge2 e6 8. O-O Be7 9. Bf4 Qd8 10. Na4 Nbd7 11. c4 Nb6 12. Nxb6 axb6 13. Nc3 O-O 14. Re1 Bd6 15. Be3 Qc7 16. Rc1 Rfd8 17. d5 Ng4 18. dxe6 Bxe6 19. Qb3 Nxe3 20. Rxe3 Bc5 21. Re2 Rd3 22. Be4 Rd4 23. Qc2 g6 24. b3 Rad8 25. Na4 Bf8 26. Nc3 Bg7 27. Nd1 h5 28. Ne3 h4 29. Bg2 hxg3 30. hxg3 Qd6 31. Kh2 Qb4 32. Rd1 Rxd1 33. Nxd1 Bf5 34. Qc1 Bf6 35. Ne3 Be6 36. Bf3 Bg5 37. Qb2 Bxe3 38. fxe3 Rd3 39. Kg2 b5 40. cxb5 Qxb5 41. Kf2 Rd1 42. Re1 Rd7 43. Rh1 Kf8 44. Qf6 Rd2+ 45. Ke1 Ke8 46. Rh8+ Kd7 47. Qd8# 1-0


[Site "https://www.chess.com"]

[Event "Titled Tuesday Blitz August 08 Early 2023"]
[White "SmirnovAlexandrA"]
[Black "Mrudul Dehankar"]
[BlackFideId "25096990"]
[WhiteElo "2590"]
[BlackElo "2457"]
[Result "1-0"]
[Round "11"]
[TimeControl "180+1"]
[Date "2023.08.08"]
[WhiteClock "0:00:37"]
[BlackClock "0:00:00"]
[Board "80"]

1. e4 c6 2. d4 d5 3. e5 Bf5 4. Nf3 e6 5. Be2 Nd7 6. O-O Ne7 7. Nh4 Bg6 8. Be3 Nf5 9. Nxf5 Bxf5 10. Nd2 h6 11. f4 g5 12. g4 gxf4 13. Bxf4 Bg6 14. c3 Be7 15. Nf3 h5 16. g5 h4 17. h3 Be4 18. Kh2 Bxf3 19. Bxf3 Bxg5 20. Bh5 Rf8 21. Qg4 Bxf4+ 22. Rxf4 Qb6 23. Qxe6+ Kd8 24. Qf5 Qc7 25. Rg1 Kc8 26. Rg7 b6 27. Rxf7 Kb7 28. Qxd7 1-0


[Site "https://www.chess.com"]

[Event "Titled Tuesday Blitz August 08 Early 2023"]
[White "MateoReyes"]
[Black "Heinemann, Josefine"]
[BlackFideId "12900460"]
[WhiteElo "2454"]
[BlackElo "2582"]
[Result "0-1"]
[Round "11"]
[TimeControl "180+1"]
[Date "2023.08.08"]
[WhiteClock "0:00:58"]
[BlackClock "0:01:16"]
[Board "81"]

1. Nf3 d5 2. d4 Nf6 3. c4 e6 4. Nc3 c5 5. e3 Nc6 6. Be2 dxc4 7. Bxc4 a6 8. O-O b5 9. Be2 Bb7 10. b3 cxd4 11. Nxd4 Nxd4 12. exd4 Be7 13. Bf3 Bxf3 14. Qxf3 O-O 15. Rd1 Nd5 16. Ne4 Rc8 17. Bd2 Qb6 18. Qd3 h6 19. h3 Rfd8 20. Rac1 Bf6 21. Rxc8 Rxc8 22. Be3 Be7 23. Rc1 Rxc1+ 24. Bxc1 Qc6 25. Bd2 Nf6 26. Nxf6+ Bxf6 27. Be3 g5 28. Kf1 Kg7 29. Ke2 Qxg2 30. a4 Qd5 31. f3 bxa4 32. bxa4 Qa2+ 33. Kf1 Qxa4 34. d5 exd5 35. Qxd5 Qb5+ 36. Qxb5 axb5 37. Ke2 b4 38. Kd3 b3 39. f4 Kg6 40. fxg5 hxg5 41. Bf2 Kf5 42. Bg3 Be5 43. Be1 b2 44. Kc2 f6 45. Bf2 Ke4 46. h4 Kf3 47. h5 Kxf2 48. h6 f5 0-1


[Site "https://www.chess.com"]

[Event "Titled Tuesday Blitz August 08 Early 2023"]
[White "Bilan, Danila"]
[Black "Jumanov, Elbek"]
[WhiteFideId "24161918"]
[BlackFideId "14202905"]
[WhiteElo "2580"]
[BlackElo "2441"]
[Result "0-1"]
[Round "11"]
[TimeControl "180+1"]
[Date "2023.08.08"]
[WhiteClock "0:00:11"]
[BlackClock "0:01:00"]
[Board "82"]

1. d4 Nf6 2. Nf3 g6 3. Bg5 Bg7 4. c3 O-O 5. Nbd2 d5 6. e3 c5 7. Bd3 b6 8. e4 cxd4 9. Nxd4 dxe4 10. Nxe4 Bb7 11. Qe2 Nc6 12. Nxc6 Bxc6 13. O-O Qc7 14. Rfe1 Nd5 15. Bb5 Bb7 16. Rad1 a6 17. Ba4 b5 18. Bb3 Rad8 19. g3 h6 20. Bc1 e6 21. h4 Qc6 22. h5 Nf6 23. Bc2 Nxe4 24. Bxe4 Qxe4 25. Qxe4 Bxe4 26. Rxd8 Rxd8 27. Rxe4 Rd1+ 0-1


[Site "https://www.chess.com"]

[Event "Titled Tuesday Blitz August 08 Early 2023"]
[White "Warchol, Kamil"]
[Black "vishwa_vijeta"]
[WhiteFideId "21858241"]
[WhiteElo "2449"]
[BlackElo "2565"]
[Result "1-0"]
[Round "11"]
[TimeControl "180+1"]
[Date "2023.08.08"]
[WhiteClock "0:00:32"]
[BlackClock "0:00:14"]
[Board "83"]

1. e4 c5 2. Nf3 d6 3. d4 cxd4 4. Nxd4 Nf6 5. Nc3 g6 6. Be3 Bg7 7. f3 O-O 8. Qd2 Nc6 9. g4 Be6 10. Nxe6 fxe6 11. O-O-O Ne5 12. Be2 Qc8 13. h4 Nfd7 14. h5 Nc4 15. Bxc4 Qxc4 16. hxg6 hxg6 17. f4 Bxc3 18. bxc3 Qxa2 19. Qh2 Kf7 20. Qh7+ Ke8 21. e5 Qa3+ 22. Kb1 Qxc3 23. Qxg6+ Kd8 24. exd6 Qb4+ 25. Kc1 Qa3+ 26. Kd2 Qxd6+ 27. Ke2 Qa6+ 28. Kf2 Qc4 29. Rd4 Qc6 30. Rhd1 e5 31. Qxc6 bxc6 32. Rxd7+ Ke8 33. f5 Rb8 34. Bc5 Rf7 35. Rxa7 Kf8 36. Rdd7 Re8 37. Rxe7 Rfxe7 38. Rxe7 Rxe7 39. f6 Kf7 40. Bxe7 Ke6 41. g5 Kd5 42. g6 Kc4 43. g7 Kc3 44. g8=Q Kb2 45. Qc4 Kb1 46. c3 Ka1 47. Qb3 e4 48. Ba3 e3+ 49. Ke2 c5 50. Qb2# 1-0


[Site "https://www.chess.com"]

[Event "Titled Tuesday Blitz August 08 Early 2023"]
[White "Toropov, Pavel"]
[Black "Devaev, Alexander"]
[WhiteFideId "24129178"]
[BlackFideId "4169395"]
[WhiteElo "2564"]
[BlackElo "2462"]
[Result "0-1"]
[Round "11"]
[TimeControl "180+1"]
[Date "2023.08.08"]
[WhiteClock "0:00:00"]
[BlackClock "0:00:29"]
[Board "84"]

1. e4 c6 2. d4 d5 3. exd5 cxd5 4. Bd3 Nc6 5. c3 Qc7 6. h3 g6 7. Qc2 Nh6 8. Nf3 Bf5 9. Bxf5 Nxf5 10. g4 Nd6 11. Bf4 Bg7 12. Nbd2 O-O 13. Qd3 Rfe8 14. O-O Rad8 15. Rfe1 Qb6 16. Rab1 Na5 17. Re2 Nac4 18. b3 Nxd2 19. Qxd2 Ne4 20. Qd3 e6 21. Nd2 Nxd2 22. Qxd2 Rc8 23. Rc1 Qa6 24. Qe3 Rc6 25. Rec2 Rec8 26. Be5 Bf8 27. Qg5 Bd6 28. Bxd6 Rxd6 29. Qe5 Rdc6 30. h4 Qd3 31. Qe3 Qxe3 32. fxe3 b5 33. Kf2 f6 34. g5 e5 35. Kg3 e4 36. Kf4 Kf7 37. gxf6 Rxf6+ 38. Kg4 Rfc6 39. Kf4 Ke6 40. c4 bxc4 41. bxc4 dxc4 42. Kxe4 Kd6 43. d5 Rc5 44. Rd1 Re8+ 45. Kf4 c3 0-1


[Site "https://www.chess.com"]

[Event "Titled Tuesday Blitz August 08 Early 2023"]
[White "Shvedova, Alexandra"]
[Black "Escudero Donoso, Felipe"]
[WhiteFideId "54154782"]
[BlackFideId "3410595"]
[WhiteElo "2555"]
[BlackElo "2436"]
[Result "0-1"]
[Round "11"]
[TimeControl "180+1"]
[Date "2023.08.08"]
[WhiteClock "0:00:02"]
[BlackClock "0:00:03"]
[Board "85"]

1. Nf3 d5 2. g3 Bg4 3. Bg2 Bxf3 4. Bxf3 c6 5. d4 Nf6 6. c3 e6 7. Qc2 Nbd7 8. Bf4 Be7 9. Nd2 O-O 10. O-O Rc8 11. e4 dxe4 12. Nxe4 Nxe4 13. Bxe4 Nf6 14. Bg2 c5 15. Bxb7 cxd4 16. Rad1 Rc4 17. Qb3 Qb6 18. Qxc4 Qxb7 19. Rxd4 Qxb2 20. Rd2 Qa3 21. Qb3 Qa5 22. c4 Ne4 23. Rc2 Bc5 24. Be3 h6 25. Qb5 Qc7 26. Bxc5 Nxc5 27. Qb4 Rd8 28. Qb1 Qd6 29. Rcc1 Rb8 30. Qc2 Qe5 31. Rb1 Rc8 32. Rfe1 Qf6 33. Qe2 g6 34. Kg2 h5 35. h4 Qf5 36. Rbd1 a6 37. Qe5 Qc2 38. Qe2 Qf5 39. Rd4 Na4 40. Rf4 Qc5 41. Qf3 Rc7 42. Rd1 Nb6 43. Rd8+ Kg7 44. Qc3+ e5 45. Re4 Re7 46. Rd2 Qc6 47. f3 Nd7 48. Rde2 f6 49. R4e3 Nc5 50. Rd2 Ne6 51. Rd5 Rf7 52. Qd3 Nd4 53. Re1 Rc7 54. f4 Nf5 55. fxe5 fxe5 56. Rxe5 Qxc4 57. Rd7+ Kh6 58. Qxc4 Rxc4 59. Re6 Rc2+ 60. Kf3 Rc3+ 61. Kf2 Rxg3 62. Rxa6 Rg4 63. a4 Rxh4 64. a5 Ra4 65. Raa7 h4 66. a6 Kg5 67. Rdc7 Kg4 68. Rc3 g5 69. Rb3 Ra2+ 70. Rb2 Rxb2+ 71. Kf1 Ra2 72. Kg1 Ng3 73. Rb7 Kh3 74. Rb1 Rg2# 0-1


[Site "https://www.chess.com"]